 Dungeon Crawl Stone Soup version 0.29-a0-9-g022ca4c890 (webtiles) character file.

Game seed: 12032232318982502651

114 dolemite99 the Ruffian (level 4, -3/44 HPs)
             Began as a Troll Chaos Knight on Jan 28, 2022.
             Was a Plaything of Xom.
             Slain by a gnoll (10 damage)
             ... on level 3 of the Dungeon.
             The game lasted 00:01:58 (973 turns).

dolemite99 the Ruffian (Troll Chaos Knight)          Turns: 973, Time: 00:01:58

Health: -3/44      AC:  6    Str: 22    XL:     4   Next: 66%
Magic:  3/3        EV:  9    Int:  6    God:    Xom [..*...]
Gold:   30         SH:  0    Dex:  7    Spells: 3/3 levels left

rFire   . . .      SeeInvis .     - Unarmed
rCold   . . .      Faith    .   (no shield)
rNeg    . . .      Spirit   .   a - +2 robe
rPois   .          Reflect  .   (helmet restricted)
rElec   .          Harm     .   (no cloak)
rCorr   .          Rampage  .   (gloves unavailable)
Will    .....                   (boots unavailable)
Stlth   +.........              (no amulet)
HPRegen 0.94/turn               (no ring)
MPRegen 0.08/turn               (no ring)

@: unable to read
A: large, unfitting armour, claws 3, regeneration 1, shaggy fur 1, tough skin 1,
clumsy 1, dopey 1, screaming 1, inability to read while threatened
a: Renounce Religion


You were on level 3 of the Dungeon.
You worshipped Xom.
You were a toy of Xom.
You visited 1 branch of the dungeon, and saw 4 of its levels.

You collected 30 gold pieces.

Inventory:

Missiles
 f - 29 arrows
 k - a boomerang (quivered)
Armour
 a - a +2 robe (worn)
Jewellery
 c - an amulet of magic regeneration
Wands
 h - a wand of acid (4)
Scrolls
 b - a scroll of magic mapping {unknown}
 d - a scroll of teleportation {unknown}
 e - a scroll of noise {unknown}
 i - a scroll of enchant armour {unknown}
 j - 3 scrolls of enchant weapon {unknown}
 l - a scroll of identify {unknown}
Potions
 g - a potion of haste {unknown}


   Skills:
 - Level 2.4 Fighting
 - Level 1.9 Dodging
 + Level 5.5 Unarmed Combat


You had 3 spell levels left.
You didn't know any spells.
Your spell library was empty.

Dungeon Overview and Level Annotations

Branches:
Dungeon (4/15)
 Temple: D:4-7

Altars:
Elyvilon

Shops:
D:4 *

Annotations:
D:4 Pikel


Innate Abilities, Weirdness & Mutations

You are too large for most types of armour.
You have claws for hands.
Your natural rate of healing is unusually fast.
You are covered in fur. (AC +1)
You have tough skin. (AC +1)
You are clumsy. (Dex -2)
You are dopey. (Int -2)
You occasionally shout uncontrollably at your foes.
You sometimes lose the ability to read scrolls when taking damage.


Message History

The gnoll hits you from afar with a +0 spear.
You emit a cloud of colourful smoke!
You scratch the kobold.
You kill the kobold!
The kobold's corpse disappears in a puff of smoke!
The gnoll completely misses you.
The gnoll hits you from afar with a +0 spear.
The giant cockroach bites you.
You barely miss the giant cockroach.
You hear Xom's maniacal laughter.
You are now a toy of Xom.
The gnoll barely misses you. The giant cockroach barely misses you.
The gnoll barely misses you.
You scratch the iron imp.
The iron imp is moderately wounded.
The gnoll barely misses you.
The giant cockroach bites you but does no damage.
The gnoll hits you from afar with a +0 halberd!
You feel threatened and lose the ability to read scrolls!
The gnoll barely misses you.
You claw the iron imp!
The iron imp is almost dead.
The crimson imp blinks!
The gnoll hits you from afar with a +0 halberd.
The giant cockroach bites you but does no damage.
The iron imp hits you but does no damage.
The gnoll closely misses you.
You are too injured to fight recklessly!
You are too injured to fight recklessly!
You are too injured to fight recklessly!
You are too injured to fight recklessly!
You are too injured to fight recklessly!
You closely miss the iron imp.
The gnoll hits you from afar with a +0 spear.
The gnoll closely misses you.
The giant cockroach bites you but does no damage.
The iron imp hits you! x2
* * * LOW HITPOINT WARNING * * *
The gnoll hits you from afar with a +0 halberd!
You die...
Xom laughs nastily!

###### #....#
#....# . #....#
#.. #..>.# #....
#....#####gg.#..
#....##.@§ggg...
###.))§5B5#####.
##.....g#
#..###.5..# #..#
....# #..# ....#
.... _.....
.###. ..##.. ..
.. ..


You could see 2 iron imps, 4 gnolls, a crimson imp (summoned), a giant cockroach
(summoned), a hobgoblin and a goblin.

Vanquished Creatures
  Jessica (D:2)
  A gnoll (D:1)
  2 adders (D:2)
  A worm (D:2)
  2 dart slugs (D:2)
  7 orcs
  An endoplasm (D:1)
  2 giant cockroaches (D:2)
  3 goblins (D:1)
  2 hobgoblins
  6 jackals (D:2)
  3 quokkas
  6 ball pythons
  3 bats (D:1)
  4 kobolds
44 creatures vanquished.

Notes
Turn   | Place    | Note
-------+----------+-------------------------------------------
     0 | D:1      | dolemite99 the Troll Chaos Knight began the quest for the
                  | Orb.
     0 | D:1      | Reached XP level 1. HP: 22/22 MP: 0/0
   117 | D:1      | XOM: 2-stop teleportation journey
   142 | D:1      | Reached XP level 2. HP: 29/29 MP: 1/1
   177 | D:1      | Reached skill level 4 in Unarmed Combat
   237 | D:1      | XOM: summons 2 hostile shadow creatures
   438 | D:1      | Found a faded altar of an unknown god.
   484 | D:1      | XOM: stat loss: -1 Dex (8/9)
   524 | D:2      | Reached XP level 3. HP: 36/36 MP: 2/2
   626 | D:2      | XOM: blink monster(s)
   670 | D:2      | Reached XP level 4. HP: 44/44 MP: 3/3
   723 | D:2      | Reached skill level 5 in Unarmed Combat
   736 | D:2      | Noticed Jessica
   738 | D:2      | Killed Jessica
   879 | D:2      | You fall into a shaft and drop 2 floors!
   889 | D:4      | Found Kuwug's General Store.
   891 | D:4      | XOM: give mutations
   891 | D:4      | Gained mutation: You are clumsy. (Dex -2) [Xom's mischief]
   891 | D:4      | Gained mutation: You are dopey. (Int -2) [Xom's mischief]
   891 | D:4      | Gained mutation: You sometimes lose the ability to read
                  | scrolls when taking damage. [Xom's mischief]
   891 | D:4      | Gained mutation: You occasionally shout uncontrollably at
                  | your foes. [Xom's mischief]
   934 | D:4      | Noticed Pikel
   934 | D:4      | Noticed a lemure
   934 | D:4      | Noticed a lemure
   935 | D:4      | Noticed a lemure
   963 | D:3      | Found a white marble altar of Elyvilon.
   968 | D:3      | XOM: summons 2 hostile shadow creatures
   968 | D:3      | XOM: smoke on damage
   970 | D:3      | XOM: summons 3 hostile demons
   973 | D:3      | Slain by a gnoll

Illustrated notes

Levels and vault maps discovered:
D:1:      co_arrival_square_in_a_square_in_a_square, layout_rooms,
          chequers_ecumenical_altar_grove, skrybe_limestone_x
D:2:      layout_loops_cross, uniq_jessica, uniq_terence
D:3:      layout_rooms, nicolae_overflow_crystal_walls,
          chequers_serial_rivers_micro_c
D:4:      layout_gridville, serial_shops, nicolae_square_shop, uniq_pikel,
          uniq_duvessa

Skill      XL: |  1  2  3  4 |
---------------+-------------+-----
Unarmed Combat | 4 5 |  5.5
Fighting       | |  2.4
Dodging        | |  1.9

Action                   |  1- 3 |  4- 6 || total
-------------------------+-------+-------++-------
Melee: Unarmed           |    87 |    34 ||   121
       Punch             |       |     2 ||     2
Throw: Boomerang         |       |     8 ||     8
Armor: Robe              |    42 |    13 ||    55
Dodge: Dodged            |    49 |    23 ||    72

Table legend: (Time is in decaauts)
 A = Elapsed time spent in this place.
 B = Non-inter-level travel time spent in this place.
 C = Inter-level travel time spent in this place.
 D = Time resting spent in this place.
 E = Time spent auto-exploring this place.
 F = Levels seen in this place.
 G = Mean time per level.
                   A        B        C        D        E       F      G
               +--------+--------+--------+--------+--------+-----+--------+
         Total |    967 |    940 |     27 |      2 |    605 |   4 |  241.8 |
       Dungeon |    967 |    940 |     27 |      2 |    605 |   4 |  241.8 |
               +--------+--------+--------+--------+--------+-----+--------+

Top non-repeatable levels by time:
     D:1: 508 daAuts
     D:2: 364 daAuts
     D:4: 58 daAuts
     D:3: 35 daAuts
